AoeStats
← HK | Jai Guru Deva

Arabia

510445110Analyzed
1v1 RM · 3d ago on Oct 1, 2026· 47m 51s· 2 players
Game mode
Random Map
Map size
Tiny (2 player)
Population
200
Speed
Normal
Resources
Standard
Victory
Conquest
Starting age
Dark Age
Ending age
Imperial Age
RankedLock teamsTeams togetherTeam positionsShared explorationLock speedFull tech treeHidden civsTurbo modeCheats
Victory
Defeat
🇲🇽 Poles · Mexico
1375
+16
🇵🇾 Mongols · Paraguay
1385
-16
HK | Jai Guru Deva
6:42 Loom
11:01 Feudal Age
16:32 Double-Bit Axe
17:14 Horse Collar
22:50 Castle Age
22:54 Light Cavalry
23:45 Bloodlines
24:49 Scale Barding Armor
29:54 Forging
34:50 Heavy Plow
35:57 Bow Saw
38:59 Imperial Age
38:20 Pikeman
39:17 Squires
40:16 Iron Casting
46:22 Conscription
46:15 Winged Hussar
46:56 Husbandry
Heisenberg
7:00 Loom
8:54 Feudal Age
9:11 Man-at-Arms
10:31 Double-Bit Axe
20:17 Castle Age
19:15 Fletching
19:36 Horse Collar
20:24 Crossbowman
21:19 Bodkin Arrow
22:36 Bow Saw
22:57 Pikeman
28:06 Scale Barding Armor
32:32 Bloodlines
34:57 Forging
35:49 Chain Barding Armor
37:03 Wheelbarrow
41:00 Imperial Age
41:49 Iron Casting
41:58 Hand Cart
44:59 Bracer
45:00 Padded Archer Armor
45:21 Heavy Cavalry Archer
Connection lost

Rejoining the realm…

Still unreachable

The connection could not be restored.

Session expired

The server has moved on; the page needs a fresh start.